[Event "January 9 Late 2024"]
[Site "https://www.chess.com"]
[Date "2024.01.09"]
[Round "11"]
[White "Mokshanov, Alexey"]
[Black "Ladan, Nicholas"]
[Result "1-0"]
[Board "64"]
[TimeControl "180+1"]
[WhiteFideId "24121657"]
[BlackFideId "30918855"]
[WhiteElo "2616"]
[BlackElo "2506"]
[WhiteTeam "RUS"]
[BlackTeam "USA"]
[WhiteClock "0:00:28"]
[BlackClock "0:00:02"]

1. e4 e5 2. Nf3 Nc6 3. d4 exd4 4. Nxd4 Bb4+ 5. c3 Bc5 6. Be3 Qf6 7. Qd2 Nge7 8. Nxc6 Qxc6 9. Bxc5 Qxc5 10. Qd4 Qg5 11. Nd2 O-O 12. Nf3 Qg6 13. Ne5 Qb6 14. O-O-O d6 15. Nc4 Qa6 16. Kb1 Be6 17. Na3 Qb6 18. Bc4 Nc6 19. Qxb6 axb6 20. Bxe6 fxe6 21. f3 Ne5 22. Nb5 Rf7 23. a3 Ra5 24. Nd4 Re7 25. Nc2 g5 26. Ne3 Rf7 27. h4 g4 28. Nxg4 Nxg4 29. fxg4 Re5 30. Rd4 Rf4 31. Ra4 Rexe4 32. Ra8+ Kg7 33. Rb8 Rxg4 34. Rxb7 Rxg2 35. Rxc7+ Kg6 36. Rc6 b5 37. Rb6 Re5 38. Ka2 h5 39. Rxd6 Ree2 40. Rb1 Kf5 41. Rb6 Rh2 42. Rxb5+ e5 43. a4 Rxh4 44. a5 Rg4 45. Kb3 h4 46. a6 Rg8 47. a7 Ra8 48. Ra1 h3 49. Rb8 Rxa7 50. Rxa7 h2 51. Rh8 Kg4 52. Rah7 Kg3 53. Rh3+ 1-0

[Event "January 9 Late 2024"]
[Site "https://www.chess.com"]
[Date "2024.01.09"]
[Round "11"]
[White "Pinheiro, Iung Alicio de O."]
[Black "Ezat, Mohamed"]
[Result "0-1"]
[Board "65"]
[TimeControl "180+1"]
[WhiteFideId "2104350"]
[BlackFideId "10600906"]
[WhiteElo "2609"]
[BlackElo "2491"]
[WhiteTeam "BRA"]
[BlackTeam "EGY"]
[WhiteClock "0:00:00"]
[BlackClock "0:00:07"]

1. e4 e5 2. Nf3 Nc6 3. g3 d5 4. exd5 Qxd5 5. Nc3 Qd8 6. Bg2 Nf6 7. O-O Bc5 8. d3 h6 9. Na4 Be7 10. Re1 Bg4 11. h3 Bxf3 12. Bxf3 O-O 13. Nc3 Bb4 14. Bxc6 bxc6 15. Rxe5 Qd7 16. Kg2 Rfe8 17. Bf4 Bxc3 18. Rxe8+ Rxe8 19. bxc3 Nd5 20. Bd2 c5 21. c4 Ne7 22. Qf3 Nc6 23. Bc3 Nd4 24. Bxd4 Qxd4 25. Rb1 Qc3 26. Rb7 Qe5 27. Qc6 Re6 28. Qxc7 Qf5 29. Qd8+ Kh7 30. Qd5 Qg6 31. Qf3 f5 32. Rxa7 Re1 33. Ra8 f4 34. Qd5 Qf6 35. Qf3 Qa1 36. Qxf4 Rg1+ 37. Kf3 Qd1+ 38. Ke4 Re1+ 39. Kd5 Qh5+ 40. Kc6 Qg6+ 41. Qd6 Re6 42. Rd8 Qf6 43. Kxc5 Qxf2+ 44. Qd4 Qf5+ 45. Rd5 Qf8+ 46. Rd6 Qc8+ 47. Kd5 Re8 48. c5 Qb7+ 49. Kc4 Qa7 50. Kc3 Qa3+ 51. Kd2 Qa5+ 52. Qc3 Re2+ 53. Kxe2 Qxc3 54. c6 Qxc2+ 55. Kf3 Qc5 0-1

[Event "January 9 Late 2024"]
[Site "https://www.chess.com"]
[Date "2024.01.09"]
[Round "11"]
[White "Espinoza Villanueva, Rodrigo"]
[Black "Andrews, Todd"]
[Result "1/2-1/2"]
[Board "66"]
[TimeControl "180+1"]
[WhiteFideId "5140188"]
[BlackFideId "2012456"]
[WhiteElo "2593"]
[BlackElo "2468"]
[WhiteTeam "MEX"]
[BlackTeam "USA"]
[WhiteClock "0:00:05"]
[BlackClock "0:00:04"]

1. Nf3 c5 2. g3 b6 3. Bg2 Bb7 4. O-O g6 5. d4 d6 6. c4 Bg7 7. Nc3 Nf6 8. d5 a6 9. e4 O-O 10. Re1 b5 11. cxb5 axb5 12. Nxb5 Ba6 13. Nc3 Nbd7 14. Bf1 Bxf1 15. Rxf1 Ng4 16. Qe2 Qa5 17. Nd2 Ngf6 18. Nc4 Qa6 19. Bg5 Nb6 20. Nxb6 Qxb6 21. a4 Rfe8 22. Rfb1 Qb4 23. Qc2 e6 24. Bxf6 Bxf6 25. Nb5 exd5 26. Nc7 dxe4 27. a5 Bd4 28. Kg2 e3 29. f3 e2 30. Nxe8 Rxe8 31. Re1 Qb7 32. a6 Qa8 33. Rxe2 Rb8 34. Qe4 d5 35. Qe7 c4 36. a7 Rc8 37. Qd7 Rf8 38. Re7 Bf6 39. Re8 Rxe8 40. Qxe8+ Qxe8 41. a8=Q Qxa8 42. Rxa8+ Kg7 43. Ra5 Bxb2 44. Rxd5 c3 45. Rc5 Kf6 46. Kf1 Ke6 47. Ke2 h5 48. Kd3 Ba1 49. Kc2 Bb2 50. f4 Ba1 51. Rb5 Bb2 52. h3 Ba1 53. g4 hxg4 54. hxg4 Bb2 55. g5 Ba1 56. Re5+ Kd6 57. Rb5 Bb2 58. Ra5 Ke6 59. Re5+ Kd6 60. Re1 Kd7 61. Re5 Kd6 62. Ra5 Ke6 63. Ra6+ Ke7 64. Rf6 Ba1 65. f5 gxf5 66. Rxf5 Bb2 67. Re5+ Kd6 68. Re2 Kd7 69. Kd3 Kd6 70. Ke4 Kd7 71. Kf5 Kd6 72. Kg4 Kd7 73. Kh5 Kd6 74. Kh6 Kd7 75. Kh7 Kd6 76. Kg8 Kd5 77. Kxf7 Kd4 78. g6 Kd3 79. Rg2 c2 80. Rg3+ Kd2 81. Rg1 c1=Q 82. Rxc1 Kxc1 83. g7 Bxg7 1/2-1/2

[Event "January 9 Late 2024"]
[Site "https://www.chess.com"]
[Date "2024.01.09"]
[Round "11"]
[White "Olenik Campa, Rudi"]
[Black "Buchenau, Frank"]
[Result "1-0"]
[Board "67"]
[TimeControl "180+1"]
[WhiteFideId "14633264"]
[BlackFideId "4604350"]
[WhiteElo "2593"]
[BlackElo "2448"]
[WhiteTeam "SLO"]
[BlackTeam "GER"]
[WhiteClock "0:00:06"]
[BlackClock "0:00:00"]

1. e4 e6 2. d4 d5 3. exd5 exd5 4. Bd3 Bd6 5. Ne2 Nc6 6. c3 Nge7 7. O-O Bf5 8. Bf4 O-O 9. Na3 Bxa3 10. bxa3 Na5 11. Rb1 b6 12. Bxf5 Nxf5 13. Qd3 Nd6 14. Ng3 Nac4 15. a4 Re8 16. Rfe1 Qd7 17. Qf3 c6 18. h4 Re6 19. Rxe6 Qxe6 20. h5 h6 21. Nf1 Qe4 22. Qxe4 Nxe4 23. Rc1 Nf6 24. Ng3 Re8 25. Kf1 Ne4 26. Nxe4 Rxe4 27. g3 Kf8 28. Rb1 Ke7 29. f3 Re6 30. Kf2 Kd7 31. Bb8 a6 32. Bf4 Re8 33. g4 b5 34. g5 hxg5 35. Bxg5 Rh8 36. Rh1 f6 37. Bf4 Ke6 38. Rg1 Kf7 39. Rh1 Nb2 40. axb5 axb5 41. Kg3 Ra8 42. h6 g5 43. Bd6 Kg6 44. h7 Rh8 45. Re1 Rxh7 46. Re6 Kf5 47. Re8 Ra7 48. a3 Nc4 49. Bc5 Ra6 50. Rc8 Ke6 51. Re8+ Kf7 52. Rc8 Ke6 53. Re8+ Kf5 54. Rc8 Ne3 55. Kf2 Nd1+ 56. Kg3 Nxc3 57. Rf8 Ne2+ 58. Kf2 Nf4 59. Be7 Nh5 60. Rh8 Kg6 61. Rc8 Ra4 62. Bc5 1-0

[Event "January 9 Late 2024"]
[Site "https://www.chess.com"]
[Date "2024.01.10"]
[Round "11"]
[White "Stopa, Jacek"]
[Black "Bellissimo, Joseph F."]
[Result "1-0"]
[Board "68"]
[TimeControl "180+1"]
[WhiteFideId "1119591"]
[BlackFideId "2609843"]
[WhiteElo "2768"]
[BlackElo "2505"]
[WhiteTeam "POL"]
[BlackTeam "CAN"]
[WhiteClock "0:00:44"]
[BlackClock "0:00:00"]

1. d4 Nf6 2. c4 e6 3. Nf3 d5 4. g3 Bb4+ 5. Bd2 Be7 6. Bg2 O-O 7. Qc2 c6 8. O-O b6 9. Bf4 Nbd7 10. cxd5 cxd5 11. Bc7 Qe8 12. Na3 Ba6 13. Rfc1 Rc8 14. Qd1 Ne4 15. e3 Bd6 16. Bxd6 Nxd6 17. Qa4 Nb8 18. Qb4 Qe7 19. Ne5 f6 20. Nf3 Nc6 21. Qa4 Qb7 22. Bh3 Kf7 23. Qd1 Nb4 24. Rxc8 Rxc8 25. Ne1 g6 26. Qg4 Qe7 27. Qd1 Qd7 28. Nac2 Nxc2 29. Nxc2 Nc4 30. b3 Nd6 31. Nb4 Bb7 32. Nd3 Ne4 33. Nf4 Ng5 34. Bg2 e5 35. dxe5 fxe5 36. Nxd5 Rd8 37. e4 Nxe4 38. Bxe4 Bxd5 39. Qf3+ Ke6 40. Rd1 Qc6 41. Qg4+ Ke7 42. Qg5+ 1-0

[Event "January 9 Late 2024"]
[Site "https://www.chess.com"]
[Date "2024.01.09"]
[Round "11"]
[White "Mullodzhanov, Nathaniel"]
[Black "Bardyk, Artem"]
[Result "1-0"]
[Board "69"]
[TimeControl "180+1"]
[WhiteFideId "30961580"]
[BlackFideId "34349979"]
[WhiteElo "2510"]
[BlackElo "2725"]
[WhiteTeam "USA"]
[BlackTeam "RUS"]
[WhiteClock "0:00:26"]
[BlackClock "0:00:01"]

1. e4 e5 2. Nf3 Nc6 3. d4 exd4 4. Nxd4 Bb4+ 5. c3 Bc5 6. Be3 Bb6 7. Bc4 d6 8. Nxc6 bxc6 9. Bd4 Nf6 10. O-O O-O 11. e5 dxe5 12. Bxe5 Qxd1 13. Rxd1 Bxf2+ 14. Kf1 Ng4 15. Bf4 Be3 16. Bxc7 Nxh2+ 17. Bxh2 Bg4 18. Re1 Rfe8 19. Be2 Bf5 20. Na3 Bc5 21. Nc4 Re4 22. Nd6 Rh4 23. Nxf5 Rxh2 24. Bf3 g6 25. Nd4 Rd8 26. Bxc6 Bxd4 27. cxd4 Rxd4 28. Kg1 Rh5 29. Rad1 Rc4 30. Bf3 Rhc5 31. Re2 Rc7 32. Kf2 h5 33. b3 Rc3 34. Rd8+ Kg7 35. Rde8 Kf6 36. R8e4 Kg5 37. Rd4 f5 38. Bd5 R3c5 39. Rc4 a5 40. Rxc5 Rxc5 41. Bc4 a4 42. Re6 axb3 43. axb3 h4 44. Rd6 Rc7 45. Kf3 Rb7 46. Bd5 Rc7 47. b4 Rc3+ 48. Ke2 Kf4 49. Bf3 g5 50. Rd4+ Ke5 51. Rd5+ Kf4 52. Rc5 g4 53. Rxc3 h3 54. gxh3 gxh3 55. Bh1 Kg4 56. Rf3 h2 57. Kf2 f4 58. Kg2 Kh4 59. Kxh2 Kg4 60. b5 Kf5 61. b6 Kg4 62. b7 Kg5 63. b8=Q Kh4 64. Qxf4+ Kh5 65. Qg3 Kh6 66. Qg4 1-0

[Event "January 9 Late 2024"]
[Site "https://www.chess.com"]
[Date "2024.01.09"]
[Round "11"]
[White "Hungaski, Robert"]
[Black "Vlassov, Nikolai"]
[Result "1-0"]
[Board "70"]
[TimeControl "180+1"]
[WhiteFideId "2021030"]
[BlackFideId "4103360"]
[WhiteElo "2504"]
[BlackElo "2627"]
[WhiteTeam "USA"]
[BlackTeam "FID"]
[WhiteClock "0:00:11"]
[BlackClock "0:00:00"]

1. e4 c5 2. Nc3 g6 3. d4 cxd4 4. Qxd4 Nf6 5. Nf3 Nc6 6. Qa4 Qc7 7. Bg5 Bg7 8. O-O-O O-O 9. Kb1 b5 10. Bxb5 Rb8 11. e5 Ne8 12. Bxc6 dxc6 13. Qh4 Bxe5 14. Nxe5 Qxe5 15. Bf4 Qxc3 16. Bxb8 Qc5 17. Qd4 Qb5 18. Bxa7 Nf6 19. c4 Qa6 20. Bc5 Bf5+ 21. Ka1 Ra8 22. Ba3 Ne4 23. f3 c5 24. Qd5 Nf2 25. g4 Be6 26. Qxc5 Nxh1 27. Rxh1 Bxc4 28. Qxe7 Bd5 29. Rc1 Bxf3 30. g5 Rc8 31. Re1 Bd5 32. Qe8+ 1-0

[Event "January 9 Late 2024"]
[Site "https://www.chess.com"]
[Date "2024.01.09"]
[Round "11"]
[White "Murtazin, Bulat"]
[Black "Gubajdullin, Alexei"]
[Result "1/2-1/2"]
[Board "71"]
[TimeControl "180+1"]
[WhiteFideId "24151351"]
[BlackFideId "4141202"]
[WhiteElo "2505"]
[BlackElo "2614"]
[WhiteTeam "RUS"]
[BlackTeam "RUS"]
[WhiteClock "0:00:03"]
[BlackClock "0:00:07"]

1. e4 e5 2. Nf3 Nf6 3. Nc3 Bb4 4. Nxe5 O-O 5. Nd3 Bxc3 6. dxc3 Nxe4 7. Nf4 Re8 8. Be2 b6 9. O-O Bb7 10. c4 d6 11. f3 Nc5 12. Rf2 Nbd7 13. b3 Qf6 14. Rb1 Qf5 15. g4 Qe5 16. Nh5 g6 17. Bb2 Qg5 18. Ng3 Ne6 19. Bf1 Ne5 20. f4 Nxf4 21. Bc1 Nxg4 22. Rxf4 Qc5+ 23. Qd4 Qxd4+ 24. Rxd4 Ne5 25. Bg2 Nf3+ 26. Bxf3 Bxf3 27. Kf2 Bc6 28. Bb2 f5 29. h4 Kf7 30. Re1 Rxe1 31. Kxe1 Re8+ 32. Kf2 h6 33. h5 Bd7 34. hxg6+ Kxg6 35. Rh4 Bc6 36. Bc1 Rh8 37. Bf4 h5 38. Ne2 Be4 39. Rh3 Bxc2 40. Rg3+ Kf7 41. Nd4 Bb1 42. a4 Rg8 43. Rxg8 Kxg8 44. Nb5 Bc2 45. Nd4 Bb1 46. b4 a6 47. a5 bxa5 48. bxa5 Ba2 49. c5 dxc5 50. Nxf5 c4 51. Bxc7 c3 52. Ke3 Bb1 53. Nh4 Kf7 54. Be5 c2 55. Kd2 Ke6 56. Bc7 Kd5 57. Kc1 Ke4 58. Bd8 Kf4 59. Be7 Kg4 60. Bd8 Kg3 61. Ng6 Kg4 62. Be7 Kf5 63. Nh4+ Kg4 64. Kd2 Kf4 65. Bd8 Kg4 66. Be7 Kf4 67. Bd8 Kg4 68. Be7 1/2-1/2

[Event "January 9 Late 2024"]
[Site "https://www.chess.com"]
[Date "2024.01.09"]
[Round "11"]
[White "Mizzi, Jack"]
[Black "Golubev, Mikhail"]
[Result "0-1"]
[Board "72"]
[TimeControl "180+1"]
[WhiteFideId "5602521"]
[BlackFideId "14100983"]
[WhiteElo "2492"]
[BlackElo "2583"]
[WhiteTeam "MLT"]
[BlackTeam "UKR"]
[WhiteClock "0:00:00"]
[BlackClock "0:00:12"]

1. d4 Nf6 2. c4 g6 3. g3 Bg7 4. Bg2 O-O 5. Nf3 d6 6. O-O Nbd7 7. Nc3 e5 8. b3 Re8 9. e3 c6 10. Bb2 e4 11. Ng5 d5 12. cxd5 cxd5 13. Rc1 Nf8 14. Nb5 Bg4 15. Qd2 h6 16. Nh3 Qd7 17. Nc7 Bxh3 18. Nxa8 Rxa8 19. Rc3 Bxg2 20. Kxg2 Ne6 21. h4 Bf8 22. Qe2 Bd6 23. Rc2 Re8 24. f4 exf3+ 25. Qxf3 Ne4 26. g4 Ng7 27. Kh3 h5 28. Rg1 hxg4+ 29. Qxg4 Qxg4+ 30. Kxg4 Nf5 31. Re2 Nf6+ 32. Kh3 Re4 33. Kg2 Rxh4 34. Kf2 Ne4+ 35. Ke1 Rh3 36. Kd1 Nxe3+ 37. Kc1 Nf5 38. Kb1 Rh2 39. Ree1 Nd2+ 40. Ka1 Nf3 41. Re8+ Kh7 42. Rf1 Nd2 0-1

[Event "January 9 Late 2024"]
[Site "https://www.chess.com"]
[Date "2024.01.09"]
[Round "11"]
[White "Suich, Peter D"]
[Black "Ambartsumova, Karina"]
[Result "0-1"]
[Board "73"]
[TimeControl "180+1"]
[WhiteFideId "2050366"]
[BlackFideId "4166299"]
[WhiteElo "2491"]
[BlackElo "2567"]
[WhiteTeam "USA"]
[BlackTeam "RUS"]
[WhiteClock "0:00:17"]
[BlackClock "0:00:09"]

1. d4 Nf6 2. c4 d6 3. g3 g6 4. Nf3 Bg7 5. Bg2 O-O 6. Nc3 Bf5 7. O-O c6 8. Ne1 Be6 9. b3 d5 10. c5 b6 11. cxb6 axb6 12. Bb2 Nbd7 13. Nd3 Bf5 14. Nb4 Rc8 15. Rc1 e6 16. Na4 c5 17. dxc5 bxc5 18. Nd3 Qa5 19. Ba3 Bxd3 20. exd3 Rfd8 21. Qe2 h5 22. Rc2 Ng4 23. Rfc1 Bd4 24. Qf3 Nde5 25. Qd1 Nxf2 26. Rxf2 Ng4 27. Rc2 Ne3 28. Qd2 Qa7 29. Bxc5 Rxc5 30. Rxc5 Ng4 31. Kf1 Bxf2 32. Rc6 Nxh2+ 33. Ke2 Ng4 34. Bf3 Bxg3 35. Bxg4 hxg4 36. Nc5 Qe7 37. Qe3 Qh4 38. d4 Qh2+ 39. Kd3 Bf4 40. Qe2 Qh3+ 41. Kc2 g3 42. Qf3 Qh2+ 43. Kb1 Qg1+ 44. Kb2 Qc1# 0-1

[Event "January 9 Late 2024"]
[Site "https://www.chess.com"]
[Date "2024.01.09"]
[Round "11"]
[White "Reprintsev, Alexander"]
[Black "Rogov, Matfey"]
[Result "1-0"]
[Board "74"]
[TimeControl "180+1"]
[WhiteFideId "14100541"]
[BlackFideId "44191308"]
[WhiteElo "2485"]
[BlackElo "2566"]
[WhiteTeam "UKR"]
[BlackTeam "RUS"]
[WhiteClock "0:01:37"]
[BlackClock "0:00:01"]

1. e4 e5 2. Nf3 Nc6 3. Bc4 Bc5 4. b4 Bxb4 5. c3 Ba5 6. d4 d6 7. Qb3 Qd7 8. Nbd2 Bb6 9. O-O Na5 10. Qc2 Nxc4 11. Nxc4 exd4 12. cxd4 Ne7 13. a4 c6 14. Ba3 Bc7 15. e5 dxe5 16. Nfxe5 Bxe5 17. dxe5 O-O 18. Rad1 Qe6 19. Rd6 Qf5 20. Qb2 Nd5 21. Rxd5 cxd5 22. Ne3 Qe4 23. Bxf8 Kxf8 24. a5 d4 25. Qb4+ Kg8 26. Rd1 Be6 27. Qxd4 Qxd4 28. Rxd4 Rc8 29. f4 g6 30. g4 Rc3 31. Kf2 Kf8 32. f5 gxf5 33. gxf5 Ba2 34. f6 Ke8 35. Nf5 Rc2+ 36. Ke1 Rc1+ 37. Kd2 Rc8 38. Nd6+ Kd7 39. Nxc8+ Kxc8 40. Rh4 Bb1 41. Ke3 Kd7 42. Rb4 Be4 43. Rxe4 1-0

[Event "January 9 Late 2024"]
[Site "https://www.chess.com"]
[Date "2024.01.09"]
[Round "11"]
[White "Tulchynskyi, Feliks"]
[Black "Garrido Diaz, Jose Antonio"]
[Result "0-1"]
[Board "75"]
[TimeControl "180+1"]
[WhiteFideId "34127895"]
[BlackFideId "24516252"]
[WhiteElo "2560"]
[BlackElo "2461"]
[WhiteTeam "UKR"]
[BlackTeam "ESP"]
[WhiteClock "0:00:31"]
[BlackClock "0:01:21"]

1. b4 e5 2. Bb2 Bxb4 3. Bxe5 Nf6 4. Bc3 Be7 5. Nf3 d5 6. e3 Ne4 7. Bxg7 Rg8 8. Bb2 Bf6 9. Bxf6 Qxf6 10. c3 c5 11. Na3 Nc6 12. Qb3 Bg4 13. Qxd5 Bxf3 14. Nb5 Rd8 15. Nc7+ Kf8 16. Qc4 Bxg2 17. f3 Qxf3 18. Qe2 Bxh1 19. d3 Nxc3 20. Qxf3 Bxf3 21. Rc1 Nd5 22. Nb5 Nxe3 23. Kf2 Nxf1 24. Kxf3 Nxh2+ 25. Kf4 Rg4+ 26. Kf5 Rd5+ 27. Kf6 Rg6# 0-1

[Event "January 9 Late 2024"]
[Site "https://www.chess.com"]
[Date "2024.01.09"]
[Round "11"]
[White "Peycheva, Gergana"]
[Black "Przybylski, Wojciech"]
[Result "0-1"]
[Board "76"]
[TimeControl "180+1"]
[WhiteFideId "2916711"]
[BlackFideId "1117599"]
[WhiteElo "2448"]
[BlackElo "2554"]
[WhiteTeam "BUL"]
[BlackTeam "POL"]
[WhiteClock "0:00:00"]
[BlackClock "0:00:11"]

1. d4 Nf6 2. c4 e6 3. Nc3 Bb4 4. Qc2 d5 5. cxd5 Qxd5 6. Nf3 Qf5 7. Qxf5 exf5 8. a3 Be7 9. Bg5 c6 10. e3 Be6 11. Bd3 Nbd7 12. O-O g6 13. Rfe1 Nd5 14. Bxe7 Kxe7 15. e4 fxe4 16. Nxe4 h6 17. Ne5 Rad8 18. Bc4 Nxe5 19. dxe5 b6 20. Nd6 Rd7 21. Rac1 a5 22. Be2 Rc7 23. Bf3 c5 24. Red1 Nf4 25. g3 Nh3+ 26. Kg2 Ng5 27. Be2 Rd8 28. h4 Nh7 29. Bf3 h5 30. Rd2 Nf8 31. Rcd1 Rb8 32. Nb5 Rd7 33. Nd6 Rdd8 34. Be4 Bb3 35. Re1 Ne6 36. Re3 a4 37. f4 Nd4 38. f5 gxf5 39. Bxf5 Bd5+ 40. Be4 Be6 41. Rf2 b5 42. Nb7 Rdc8 43. Rc3 c4 44. Nd6 Rd8 45. Rc1 Rxd6 46. exd6+ Kxd6 47. Rd2 Kc5 48. Rf2 b4 49. Bd3 bxa3 50. bxa3 Rb3 51. Bf1 Rxa3 52. Rf4 Bd5+ 53. Kh3 Ra2 54. Rxd4 Kxd4 55. Rd1+ Kc5 56. Rc1 Be6+ 57. g4 hxg4+ 58. Kg3 Ra3+ 59. Kf4 Rf3+ 60. Kg5 a3 61. h5 a2 62. h6 f6+ 63. Kg6 Kb4 64. h7 Bf5+ 65. Kg7 Bxh7 66. Kxh7 Rf4 67. Rd1 Kb3 68. Kg6 Kb2 0-1

[Event "January 9 Late 2024"]
[Site "https://www.chess.com"]
[Date "2024.01.09"]
[Round "11"]
[White "Diaz Herquinio, Brahian"]
[Black "Erzhanov, Arman"]
[Result "0-1"]
[Board "77"]
[TimeControl "180+1"]
[WhiteFideId "3809480"]
[BlackFideId "4138821"]
[WhiteElo "2442"]
[BlackElo "2541"]
[WhiteTeam "PER"]
[BlackTeam "KAZ"]
[WhiteClock "0:00:55"]
[BlackClock "0:01:52"]

1. e4 c5 2. Nf3 Nc6 3. d4 cxd4 4. Nxd4 Nf6 5. Nc3 e5 6. Ndb5 d6 7. Bg5 a6 8. Na3 b5 9. Nd5 Be7 10. Bxf6 Bxf6 11. c4 b4 12. Nc2 O-O 13. Qf3 Bg5 14. h4 Bh6 15. g4 Bf4 16. Nxf4 exf4 17. Qxf4 Ne5 18. Ne3 b3 19. axb3 Qb6 20. Ra3 Qb4+ 21. Ke2 Be6 22. Kd1 a5 23. h5 f6 24. h6 g6 25. Nc2 Qb6 26. Be2 a4 27. Ne3 axb3 28. Rxa8 Rxa8 29. Qxf6 Ra1+ 30. Kd2 Qd4+ 0-1

[Event "January 9 Late 2024"]
[Site "https://www.chess.com"]
[Date "2024.01.09"]
[Round "11"]
[White "Ozen, Metehan"]
[Black "Rangel, Daniel"]
[Result "0-1"]
[Board "78"]
[TimeControl "180+1"]
[WhiteFideId "34596054"]
[BlackFideId "2124475"]
[WhiteElo "2437"]
[BlackElo "2540"]
[WhiteTeam "TUR"]
[BlackTeam "BRA"]
[WhiteClock "0:00:58"]
[BlackClock "0:01:04"]

1. e4 c6 2. d4 d5 3. e5 c5 4. dxc5 e6 5. Be3 Nd7 6. b4 Nxe5 7. Nd2 Nf6 8. Ngf3 Nxf3+ 9. Nxf3 Be7 10. Bd3 O-O 11. O-O b6 12. Ne5 Qc7 13. Ng4 bxc5 14. Nxf6+ Bxf6 15. Bxc5 Bxa1 16. Bxf8 Be5 17. Bc5 Bxh2+ 18. Kh1 Bd6 19. Bxd6 Qxd6 20. c3 e5 21. Re1 Be6 22. Qh5 e4 23. Bc2 g6 24. Qh6 Qe5 25. c4 Qc3 26. Rc1 Qxc4 27. Bb3 Qxb4 28. Qf4 Qd4 29. Rd1 Qb2 30. Rc1 Kg7 31. Rc7 Qa1+ 32. Kh2 Qf6 33. Qd6 Rd8 34. Qc5 d4 35. Bxe6 Qxe6 36. Rc6 Qd5 37. Qe7 Qxc6 38. Qxd8 d3 39. Qd4+ Qf6 40. Qxe4 Qd6+ 41. g3 d2 0-1

[Event "January 9 Late 2024"]
[Site "https://www.chess.com"]
[Date "2024.01.09"]
[Round "11"]
[White "Khater, Sherif"]
[Black "Figorito, Nick"]
[Result "1-0"]
[Board "79"]
[TimeControl "180+1"]
[WhiteFideId "2034280"]
[BlackFideId "30923689"]
[WhiteElo "2535"]
[BlackElo "2421"]
[WhiteTeam "USA"]
[BlackTeam "USA"]
[WhiteClock "0:00:01"]
[BlackClock "0:00:03"]

1. d4 Nf6 2. Bg5 d5 3. Bxf6 exf6 4. e3 Bd6 5. c4 dxc4 6. Bxc4 O-O 7. Qc2 c6 8. Nf3 Nd7 9. h4 c5 10. Nc3 cxd4 11. Nxd4 Ne5 12. Be2 Bb4 13. O-O-O Qa5 14. Nb3 Qc7 15. Kb1 Bxc3 16. bxc3 Nc4 17. Bxc4 Qxc4 18. Rd4 Qb5 19. g4 a5 20. Ka1 Be6 21. g5 a4 22. Nc1 f5 23. h5 Rfc8 24. g6 Qc6 25. gxh7+ Kxh7 26. h6 Qxh1 27. hxg7 Kxg7 28. Qd2 Qc6 29. Ne2 a3 30. e4 Ra4 31. Qg5+ Kf8 32. Qh6+ Kg8 33. Rd1 Rxe4 34. Rh1 f6 35. Qh8+ Kf7 36. Rh7+ Kg6 37. Qg7# 1-0

[Event "January 9 Late 2024"]
[Site "https://www.chess.com"]
[Date "2024.01.09"]
[Round "11"]
[White "Luukkonen, Tommi"]
[Black "Novikova, Galina"]
[Result "1-0"]
[Board "80"]
[TimeControl "180+1"]
[WhiteFideId "501808"]
[BlackFideId "4157095"]
[WhiteElo "2403"]
[BlackElo "2529"]
[WhiteTeam "FIN"]
[BlackTeam "RUS"]
[WhiteClock "0:00:41"]
[BlackClock "0:00:00"]

1. e4 e6 2. d4 d5 3. Nc3 Bb4 4. Qd3 dxe4 5. Qxe4 Nf6 6. Qh4 Be7 7. Nf3 c5 8. dxc5 Bxc5 9. Bd3 Nc6 10. Bg5 Be7 11. O-O-O Qa5 12. Kb1 a6 13. Qg3 Bd7 14. Bd2 Nb4 15. Qxg7 Rg8 16. Qh6 Nxd3 17. cxd3 Rxg2 18. Qh3 Rg8 19. Rhe1 O-O-O 20. Ne5 Be8 21. Qf3 Nd5 22. Ne4 Bb4 23. Rc1+ Kb8 24. Rc5 Qb6 25. Bxb4 Nxb4 26. Nc4 Qa7 27. Qf4+ Ka8 28. Qc7 Bb5 29. Nf6 Rgf8 30. Nb6+ Qxb6 31. Qxb6 1-0

[Event "January 9 Late 2024"]
[Site "https://www.chess.com"]
[Date "2024.01.09"]
[Round "11"]
[White "Coca Cubillos, Jesus Alberto"]
[Black "Prieto Aranguren, Alain"]
[Result "1-0"]
[Board "81"]
[TimeControl "180+1"]
[WhiteFideId "4462912"]
[BlackFideId "2268906"]
[WhiteElo "2521"]
[BlackElo "2402"]
[WhiteTeam "COL"]
[BlackTeam "ESP"]
[WhiteClock "0:01:29"]
[BlackClock "0:00:03"]

1. f4 g6 2. Nf3 Bg7 3. e3 Nf6 4. d4 O-O 5. Bd3 d6 6. O-O Nc6 7. c3 Re8 8. Nbd2 e5 9. Bc2 exf4 10. exf4 Ng4 11. Ne4 d5 12. Nf2 Ne3 13. Bxe3 Rxe3 14. Ne5 Nxe5 15. fxe5 Qg5 16. Kh1 Be6 17. Nd3 Bg4 18. Qc1 Bh6 19. Nf4 Re4 20. Bxe4 dxe4 21. Qe1 Bf5 22. Nd5 Kg7 23. Qg3 Qh5 24. Rae1 Rd8 25. Nxc7 e3 26. e6 fxe6 27. Qe5+ Kg8 28. Nxe6 Re8 29. d5 Qh4 30. Rxe3 Qc4 31. Rxf5 Bxe3 32. Qg7# 1-0

[Event "January 9 Late 2024"]
[Site "https://www.chess.com"]
[Date "2024.01.09"]
[Round "11"]
[White "Melamed, Daniel"]
[Black "Lopusiewicz, Piotr"]
[Result "0-1"]
[Board "82"]
[TimeControl "180+1"]
[WhiteFideId "3229076"]
[BlackFideId "1116029"]
[WhiteElo "2357"]
[BlackElo "2514"]
[WhiteTeam "AUS"]
[BlackTeam "POL"]
[WhiteClock "0:00:23"]
[BlackClock "0:00:45"]

1. d4 Nf6 2. Bg5 d5 3. e3 Nbd7 4. Bd3 e6 5. Nf3 Be7 6. c3 c5 7. Nbd2 h6 8. Bh4 b6 9. O-O Bb7 10. Re1 Ne4 11. Bxe7 Qxe7 12. Qc2 f5 13. Ne5 Nxe5 14. dxe5 O-O 15. f3 Nxd2 16. Qxd2 d4 17. exd4 cxd4 18. cxd4 Rfd8 19. Qe3 Qd7 20. Bc4 Bd5 21. Rac1 Rac8 22. Bxd5 Qxd5 23. Rxc8 Rxc8 24. Qb3 Qxd4+ 25. Kh1 Qxe5 26. Rd1 Kh7 27. h3 Qe2 28. Qd3 Rc2 29. Qxe2 Rxe2 30. Rb1 e5 31. a4 Kg6 32. Kg1 Kg5 33. Kf1 Rc2 34. b4 Kf4 35. a5 Kg3 36. f4 Rf2+ 37. Kg1 Rxg2+ 38. Kh1 Rh2+ 39. Kg1 Rg2+ 40. Kh1 Re2 41. fxe5 Rxe5 42. axb6 axb6 43. Rb3+ Kf4 44. b5 g5 45. Kg2 g4 46. Rb4+ Re4 47. Rb3 Re2+ 48. Kf1 Rc2 49. h4 g3 50. Rb4+ Kf3 51. Rb3+ Kg4 52. Kg1 f4 53. Kf1 f3 54. Rb4+ Kh3 0-1

[Event "January 9 Late 2024"]
[Site "https://www.chess.com"]
[Date "2024.01.09"]
[Round "11"]
[White "Zhukov, Maksim"]
[Black "Novik, Maxim"]
[Result "0-1"]
[Board "83"]
[TimeControl "180+1"]
[WhiteFideId "34181790"]
[BlackFideId "4102924"]
[WhiteElo "2309"]
[BlackElo "2514"]
[WhiteTeam "RUS"]
[BlackTeam "LTU"]
[WhiteClock "0:00:00"]
[BlackClock "0:00:16"]

1. e4 c6 2. Nf3 d5 3. d3 Nd7 4. Nc3 e6 5. Qe2 Ne7 6. g3 g6 7. Bg2 Bg7 8. O-O O-O 9. Bd2 a5 10. a4 Nc5 11. h3 Qb6 12. Rfb1 Na6 13. exd5 cxd5 14. Nb5 Bd7 15. Be3 Nc5 16. c4 dxc4 17. dxc4 Bc6 18. Nfd4 Bxg2 19. Kxg2 Rfd8 20. Qf3 Nf5 21. Nxf5 gxf5 22. Ra3 Rac8 23. b4 axb4 24. a5 Qa6 25. Rxb4 Ne4 26. Na7 Rxc4 27. Rxc4 Qxc4 28. h4 Rd3 29. Rxd3 Qxd3 30. Nc8 h6 31. Nb6 Qb5 32. Qd1 Qxa5 33. Qd8+ Kh7 34. Qd7 Nc5 35. Qxf7 Qxb6 36. Bd4 Qc6+ 37. Kh2 Qd7 0-1

[Event "January 9 Late 2024"]
[Site "https://www.chess.com"]
[Date "2024.01.09"]
[Round "11"]
[White "Jose Iraeta, Alejandro"]
[Black "Martinez Pla, Xavier"]
[Result "1-0"]
[Board "84"]
[TimeControl "180+1"]
[WhiteFideId "2226537"]
[BlackFideId "32074271"]
[WhiteElo "2276"]
[BlackElo "2513"]
[WhiteTeam "ESP"]
[BlackTeam "ESP"]
[WhiteClock "0:00:05"]
[BlackClock "0:00:08"]

1. e4 c5 2. Nf3 a6 3. d4 cxd4 4. Nxd4 Nf6 5. Nc3 e5 6. Nf3 Bb4 7. Bd2 Nc6 8. Bd3 Bxc3 9. Bxc3 d5 10. exd5 Qxd5 11. Qe2 Bg4 12. Rd1 Bxf3 13. gxf3 Qe6 14. Bc4 Qe7 15. Qe3 O-O 16. Bb3 Nh5 17. Rg1 Nf4 18. Ba4 b5 19. Bb3 b4 20. Bd2 Nd4 21. Qe4 Ng6 22. Bg5 Qc5 23. h4 Nxb3 24. axb3 f5 25. Qd5+ Qxd5 26. Rxd5 Rfe8 27. h5 Nf8 28. Bd2 a5 29. Ke2 Ne6 30. c3 bxc3 31. bxc3 a4 32. bxa4 Rxa4 33. Rxe5 Ra2 34. Kd3 Rd8+ 35. Kc4 Ra6 36. Be3 Rc8+ 37. Kd3 Rd6+ 38. Bd4 Rcd8 39. Rge1 Nxd4 40. cxd4 Rxd4+ 41. Ke3 g6 42. hxg6 hxg6 43. Rg1 Kf7 44. Ra5 R4d6 45. Ra7+ Kf6 46. Ra3 g5 47. f4 g4 48. f3 Re8+ 49. Kf2 Rd2+ 50. Kg3 Rg8 51. Rh1 gxf3+ 52. Kxf3 Rd7 53. Ra6+ Ke7 54. Rh7+ Kd8 55. Ra8+ Kc7 56. Rxd7+ Kxd7 57. Rxg8 Ke6 58. Rg5 Kf6 59. Kg3 1-0